 Dungeon Crawl Stone Soup version 0.17.0-24-gcfadda4 (webtiles) character file.

54 dysrexia the Caller (level 3, -1/21 HPs)
             Began as a Gargoyle Summoner on Nov 17, 2015.
             Slain by Natasha (6 damage)
             ... on level 2 of the Dungeon.
             The game lasted 00:04:42 (1795 turns).

dysrexia the Caller (Gargoyle Summoner)             Turns: 1795, Time: 00:04:43

Health: -1/21      AC:  6    Str: 12    XL:     3   Next: 91%
Magic:  6/6        EV: 11    Int: 15    God:
Gold:   6          SH:  0    Dex: 10    Spells: 1 memorised, 5 levels left

rFire  . . .     SeeInvis .     n - +0 club
rCold  . . .     Clarity  .     l - +0 leather armour
rNeg   + . .     SustAt   .     (no shield)
rPois  ∞         Gourm    .     (no helmet)
rElec  +         Spirit   .     (no cloak)
rCorr  .         Warding  .     (no gloves)
rMut   .         Stasis   .     (no boots)
MR     .....                    (no amulet)
Stlth  ++........               (no ring)
                                (no ring)

@: not resistant to hostile enchantments, unstealthy
A: negative energy resistance 1, electricity resistance, unbreathing,
petrification resistance, rot immunity, AC +3
a: no special abilities


You were on level 2 of the Dungeon.
You were not hungry.

You visited 1 branch of the dungeon, and saw 2 of its levels.

You collected 6 gold pieces.

Inventory:

Hand Weapons
 n - a +0 club (weapon)
Armour
 a - a +0 robe
 l - a +0 leather armour (worn)
Jewellery
 h - a +3 ring of strength {unknown}
Scrolls
 e - a scroll of enchant armour {unknown}
 f - a scroll of magic mapping {unknown}
 i - 4 scrolls of amnesia {unknown}
 k - a scroll of remove curse {unknown}
 m - a scroll of identify {unknown}
 o - a scroll of noise {unknown}
Potions
 g - 2 potions of poison {unknown}
 j - 4 potions of curing
 p - a potion of degeneration {unknown}
Books
 b - a book of Callings

   Spells                             Type                      Level
   a - Summon Small Mammal            Summoning                    1
   b - Call Imp                       Summoning                    2
   c - Call Canine Familiar           Summoning                    3
   d - Summon Guardian Golem          Hexes/Summoning              3
   e - Summon Lightning Spire         Summoning/Air                4
   f - Summon Ice Beast               Ice/Summoning                4
Comestibles
 c - 3 bread rations
 d - a slice of pizza


   Skills:
 - Level 2.1 Fighting
 * Level 2.4 Maces & Flails
 - Level 1.5 Dodging
 - Level 2.1 Stealth
 - Level 2.0 Spellcasting
 - Level 3.6 Summonings


You had 5 spell levels left.
You knew the following spells:

 Your Spells              Type           Power        Failure   Level  Hunger
a - Summon Small Mammal   Summ           ##..         8%          1    #......


Dungeon Overview and Level Annotations

Branches:
Dungeon (2/15)

Altars:

Annotations:
D:2 Natasha, Terence


Innate Abilities, Weirdness & Mutations

You are resistant to torment.
Your stone body is resilient (AC +3).
You are immune to poison.
You resist negative energy.
You are resistant to electric shocks.
You can survive without breathing.
You are immune to petrification.
You are immune to rotting.


Message History

You closely miss Natasha.
Natasha is moderately wounded.
Natasha completely misses you.
The giant newt bites you but does no damage.
The white imp hits you but does no damage.
Natasha extends her claws.
Natasha barely misses you.
You hit Natasha.
Natasha is heavily wounded.
The giant newt barely misses you.
The white imp hits you but does no damage.
Natasha casts a spell at you. You resist with significant effort.
You barely miss Natasha.
Natasha is heavily wounded.
The giant newt closely misses you. The white imp hits you.
The white imp freezes you.
* * * LOW HITPOINT WARNING * * *
Natasha claws you.
You die...

# #h ### #..
#5# # #...
#@##>#
.#....##lh..#.#
.h......5....>#
.##...#########
#.. #. #######
). ......# .#
≈≈≈≈≈≈≈


You could see Natasha, 2 white imps and a giant newt.

Vanquished Creatures
  Jessica (D:2)
  3 giant cockroaches
  8 goblins
  10 bats
  2 giant newts (D:1)
  3 kobolds
  4 rats
31 creatures vanquished.

Vanquished Creatures (collateral kills)
  A goblin (D:1)
  A hobgoblin (D:2)
2 creatures vanquished.

Grand Total: 33 creatures vanquished

Notes
Turn   | Place    | Note
--------------------------------------------------------------
     0 | D:1      | dysrexia the Gargoyle Summoner began the quest for the Orb.
     0 | D:1      | Reached XP level 1. HP: 10/10 MP: 3/3
     3 | D:1      | Noticed an electric eel
     3 | D:1      | Noticed an electric eel
   261 | D:1      | Reached skill level 1 in Fighting
   351 | D:1      | Reached XP level 2. HP: 12/17 MP: 5/5
  1098 | D:2      | Noticed Jessica
  1111 | D:2      | Killed Jessica
  1111 | D:2      | Reached skill level 1 in Maces & Flails
  1111 | D:2      | Reached XP level 3. HP: 3/21 MP: 4/6
  1423 | D:2      | Noticed Terence
  1780 | D:2      | Noticed Natasha
  1795 | D:2      | Slain by Natasha

Action                   || total
-------------------------++-------
Melee: Unarmed           ||    23
       Hand axe          ||    42
       Club              ||    87
 Cast: Summon Small Mamm ||     3
  Use: Potion            ||     2
 Stab: Sleeping          ||     3
       Distracted        ||     1
  Eat: Meat ration       ||     1
